 Dungeon Crawl Stone Soup version 0.32-a0-666-ge8a88695a4 (webtiles) character file.

Game seed: 1371133399003623586

2062 olmar the Cudgeller (level 9, -7/69 HPs)
             Began as a Formicid Fighter on Mar 10, 2024.
             Mangled by a two-headed ogre
             ... wielding a +0 giant spiked club
              (21 damage)
             ... on level 7 of the Dungeon.
             The game lasted 00:09:15 (6433 turns).

olmar the Cudgeller (Formicid Fighter)              Turns: 6433, Time: 00:09:15

Health: -7/69      AC:  7    Str: 25    XL:     9   Next: 50%
Magic:  18/18      EV: 11    Int:  8    God:
Gold:   545        SH:  5    Dex: 13    Spells: 8/8 levels left

rFire   . . .        f - +1 mace (protect)
rCold   . . .        c - +0 buckler
rNeg    . . .        b - +0 scale mail
rPois   .            (helmet unavailable)
rElec   .            (no cloak)
rCorr   .            (no gloves)
SInv    +            (no boots)
Will    .....        (no amulet)
Stlth   +            e - ring of magical power
HPRegen 0.31/turn    (no ring)
MPRegen 0.16/turn

%: no passive effects
@: no status effects
A: permanent stasis, dig shafts and tunnels, antennae 3, four strong arms
a: Dig, Shaft Self


You were on level 7 of the Dungeon.
You visited 1 branch of the dungeon, and saw 6 of its levels.

You collected 638 gold pieces.
You spent 93 gold pieces at shops.

Inventory:

Hand Weapons
 a - a +0 flail
 f - a +1 mace of protection (weapon)
Missiles
 g - 5 poisoned darts
 j - 4 javelins
 u - a throwing net
Armour
 b - a +0 scale mail (worn)
 c - a +0 buckler (worn)
Jewellery
 e - a ring of magical power (left hand)
Wands
 t - a wand of paralysis (9) (quivered)
Scrolls
 h - 3 scrolls of vulnerability {unknown}
 i - 2 scrolls of enchant weapon {unknown}
 k - 3 scrolls of teleportation {unknown}
 n - a scroll of butterflies {unknown}
 o - a scroll of silence {unknown}
 p - 3 scrolls of identify {unknown}
 v - a scroll of blinking {unknown}
Potions
 d - 2 potions of might
 l - 3 potions of magic {unknown}
 m - a potion of haste {unknown}
 q - a potion of heal wounds {unknown}
 r - a potion of curing
 s - a potion of enlightenment {unknown}
Miscellaneous
 w - a tin of tremorstones (inert)


   Skills:
 + Level 5.8 Fighting
 + Level 7.3 Maces & Flails
 + Level 6.8 Armour
 + Level 3.1 Dodging
 + Level 4.4 Stealth
 + Level 6.3 Shields
 + Level 0.7 Evocations


You had 8 spell levels left.
You didn't know any spells.
Your spell library contained the following spells:

 Spells                   Type           Power      Damage    Failure   Level
 Slow                     Hex            0%         N/A       73%         1
 Call Canine Familiar     Summ           0%         N/A       97%         3
 Confusing Touch          Hex            0%         N/A       97%         3
 Ozocubu's Armour         Ice            0%         N/A       97%         3
 Sigil of Binding         Hex            0%         N/A       97%         3
 Tukima's Dance           Hex            0%         N/A       97%         3
 Vampiric Draining        Necr           0%         2d6       97%         3
 Dimensional Bullseye     Hex/Tloc       0%         N/A       100%        4
 Passage of Golubria      Tloc           0%         N/A       100%        4
 Metabolic Englaciation   Hex/Ice        0%         N/A       100%        5
 Yara's Violent Unravell  Hex/Alch       0%         3d3       100%        5
 Sculpt Simulacrum        Ice/Alch       0%         N/A       100%        6


Dungeon Overview and Level Annotations

Branches:
Dungeon (7/15)
 Temple: D:4-7

Altars:
Ashenzari
Elyvilon
Fedhas
Kikubaaqudgha
Wu Jian
Xom
Yredelemnul
The Shining One

Shops:
D:4 =*


Innate Abilities, Weirdness & Mutations

You cannot be hasted, slowed, berserked, paralysed or teleported.
You can dig through walls and to a lower floor.
You have a pair of large antennae on your head. (SInv)
Your four strong arms can wield two-handed weapons with a shield.


Message History

The two-headed ogre looks even sicker.
You throw a poisoned dart.
The poisoned dart hits the two-headed ogre.
The two-headed ogre looks even sicker.
Aiming: Paralyse
Press: ? - help, Q - select action, (/) - cycle Shift-Dir - straight line, f/p - two-headed ogre
Aim: a two-headed ogre, wielding a +0 giant spiked club and a +0 giant club (very poisoned, chance to affect: 32%)
The two-headed ogre easily resists.
Unknown command.
Aiming: Paralyse
Press: ? - help, Q - select action, (/) - cycle Shift-Dir - straight line, f/p - two-headed ogre
Aim: a two-headed ogre, wielding a +0 giant spiked club and a +0 giant club (lightly wounded, very poisoned, chance to affect: 32%)
The two-headed ogre easily resists.
The two-headed ogre hits you with a +0 giant spiked club!!
The two-headed ogre barely misses you.
Unknown command.
Aiming: Paralyse
Press: ? - help, Q - select action, (/) - cycle Shift-Dir - straight line, f/p - two-headed ogre
Aim: a two-headed ogre, wielding a +0 giant spiked club and a +0 giant club (lightly wounded, very poisoned, chance to affect: 32%)
The two-headed ogre easily resists.
The two-headed ogre hits you with a +0 giant spiked club!
The two-headed ogre hits you with a +0 giant club!
* * * LOW HITPOINT WARNING * * *
Unknown command.
Aiming: Paralyse
Press: ? - help, Q - select action, (/) - cycle Shift-Dir - straight line, f/p - two-headed ogre
Aim: a two-headed ogre, wielding a +0 giant spiked club and a +0 giant club (lightly wounded, very poisoned, chance to affect: 32%)
The two-headed ogre easily resists.
Unknown command.
Unknown command.
Unknown command.
Okay, then.
Okay, then.
Aiming: Paralyse
Press: ? - help, Q - select action, (/) - cycle Shift-Dir - straight line, f/p - two-headed ogre
Aim: a two-headed ogre, wielding a +0 giant spiked club and a +0 giant club (lightly wounded, very poisoned, chance to affect: 32%)
The two-headed ogre easily resists.
The two-headed ogre barely misses you.
The two-headed ogre hits you with a +0 giant club!!
You die...

..# #.# ##.## #...
#..# ## #..#
##...###..### #
#......@O.(.#.##
......##..#(..((..
..... ##...##.####
.#.. #.....#.# ##
##......# #..
##.##### #.# #.#
#.# #.# ... ##'##


You could see a two-headed ogre (very poisoned).

Vanquished Creatures
  3 water moccasins
  2 elephant zombies (D:7)
  An ogre (D:5)
  A kobold brigand (D:7)
  A weeping skull (D:3)
  A gnoll sergeant (D:5)
  2 scorpions (D:5)
  5 wights (D:7)
  A jelly (D:4)
  A howler monkey (D:4)
  4 crimson imps (D:5)
  2 centaur zombies (D:7)
  A bombardier beetle (D:4)
  A gnoll bouda (D:7)
  2 orc priests
  An iguana (D:5)
  Ijyb (D:5)
  4 scorpion zombies (D:7)
  An orc wizard (D:5)
  An ogre zombie (D:7)
  2 hound zombies (D:7)
  A howler monkey zombie (D:7)
  8 gnolls
  9 adders
  2 adder zombies (D:7)
  A dart slug (D:1)
  A ribbon worm (D:4)
  17 orcs
  7 ball pythons
  7 bats
  6 endoplasms
  3 giant cockroaches
  6 goblins
  5 hobgoblins
  2 jackals (D:5)
  6 kobolds
  4 quokkas
  4 frilled lizards
  6 rats
  A spectral orc (D:3)
134 creatures vanquished.

Notes
Turn   | Place    | Note
-------+----------+-------------------------------------------
     0 | D:1      | olmar the Formicid Fighter began the quest for the Orb.
     0 | D:1      | Reached XP level 1. HP: 18/18 MP: 1/1
   435 | D:1      | Reached XP level 2. HP: 24/24 MP: 2/2
   857 | D:2      | Reached XP level 3. HP: 25/29 MP: 3/3
  1005 | D:2      | Reached XP level 4. HP: 36/37 MP: 4/4
  1471 | D:3      | Found an ornate altar of the Wu Jian Council.
  1531 | D:3      | Reached skill level 3 in Maces & Flails
  1597 | D:3      | Found a faded altar of an unknown god.
  1714 | D:3      | Found a basalt altar of Yredelemnul.
  1714 | D:3      | Noticed a weeping skull
  1731 | D:3      | Killed a weeping skull
  1732 | D:3      | Reached XP level 5. HP: 28/42 MP: 5/5
  2046 | D:3      | Found a glowing golden altar of the Shining One.
  2285 | D:3      | Reached skill level 4 in Maces & Flails
  2711 | D:4      | Reached XP level 6. HP: 39/48 MP: 6/6
  2718 | D:4      | Reached skill level 5 in Shields
  2812 | D:4      | Reached skill level 1 in Dodging
  2905 | D:4      | Found Hijeafew's General Store.
  2922 | D:4      | You fall into a shaft and drop 1 floor!
  2922 | D:5      | Entered Level 5 of the Dungeon
  3349 | D:4      | Reached XP level 7. HP: 49/54 MP: 7/7
  3465 | D:4      | Bought a wand of paralysis (3) for 93 gold pieces
  3466 | D:4      | Found Casaunk's Jewellery Shoppe.
  3929 | D:5      | Reached skill level 5 in Maces & Flails
  3945 | D:5      | Found a shimmering altar of Xom.
  4081 | D:5      | Reached skill level 5 in Armour
  4100 | D:5      | Reached skill level 1 in Stealth
  4127 | D:5      | Noticed Ijyb
  4140 | D:5      | Killed Ijyb
  4154 | D:5      | Noticed a water moccasin
  4162 | D:5      | Killed a water moccasin
  4163 | D:5      | Reached XP level 8. HP: 61/61 MP: 8/8
  4547 | D:5      | Reached skill level 6 in Maces & Flails
  4649 | D:5      | Reached skill level 5 in Fighting
  4879 | D:5      | You fall into a shaft and drop 2 floors!
  4879 | D:7      | Found an ancient bone altar of Kikubaaqudgha.
  4879 | D:7      | Found a blossoming altar of Fedhas.
  4879 | D:7      | Found a white marble altar of Elyvilon.
  5044 | D:7      | Found a broken altar of Ashenzari.
  5484 | D:7      | Reached XP level 9. HP: 58/68 MP: 9/9
  6120 | D:7      | Found a basalt altar of Yredelemnul.
  6133 | D:7      | Reached skill level 7 in Maces & Flails
  6421 | D:7      | Noticed a two-headed ogre
  6433 | D:7      | Mangled by a two-headed ogre

Illustrated notes

Levels and vault maps discovered:
D:1:      spicycebolla_green_bress_n_ham_2, layout_loops_ring
D:2:      layout_loops_ring, minmay_cupped
D:3:      layout_loops_ring, old_standard_altar,
          mainiacjoe_overflow_cross_hatched,
          yredelemnul_forgotten_temple_becter, ebering_ecumenical_altar_mist
D:4:      layout_loops_ring, serial_shops, nicolae_shop_tiny_real_fake_doors,
          minmay_misc_feat_room, minmay_shop_enchanted_jewellery
D:5:      kennysheep_steamy, layout_loops_cross, led_xom_imps, uniq_ijyb
D:7:      layout_loops_corners, nicolae_overflow_macrodata_refinement,
          roadster_capsule_ark_zombie

Skill      XL: |  1  2  3  4  5  6  7  8  9 |
---------------+----------------------------+-----
Maces & Flails | 3 4 5 6 7 |  7.3
Armour         | 4 5 6 |  6.8
Shields        | 5 6 |  6.3
Fighting       | 4 5 |  5.8
Dodging        | 1 2 3 |  3.1
Stealth        | 2 4 |  4.4
Evocations     | |  0.7

Action                     |  1- 3 |  4- 6 |  7- 9 || total
---------------------------+-------+-------+-------++-------
  Melee: Flail             |    38 |       |       ||    38
         Mace              |    16 |   190 |   355 ||   561
  Throw: Dart              |       |    25 |     7 ||    32
         Javelin           |       |       |    10 ||    10
         Throwing net      |       |       |     2 ||     2
Ability: Shaft Self        |       |     1 |       ||     1
  Evoke: Wand              |       |       |    11 ||    11
         Tin of tremorston |       |       |     2 ||     2
    Use: Potion            |       |     2 |     2 ||     4
   Stab: Paralysed         |       |       |    17 ||    17
         Held in net/web   |       |       |     1 ||     1
 Armour: Scale mail        |    35 |   147 |   238 ||   420
  Dodge: Dodged            |    24 |    72 |   143 ||   239
  Block: Buckler           |    16 |    53 |    82 ||   151

Table legend: (Time is in decaauts)
 A = Elapsed time spent in this place.
 B = Non-inter-level travel time spent in this place.
 C = Inter-level travel time spent in this place.
 D = Time resting spent in this place.
 E = Time spent auto-exploring this place.
 F = Levels seen in this place.
 G = Mean time per level.
                   A        B        C        D        E       F      G
               +--------+--------+--------+--------+--------+-----+--------+
         Total |   6545 |   6399 |    146 |   1966 |   3122 |   6 | 1090.8 |
       Dungeon |   6545 |   6399 |    146 |   1966 |   3122 |   6 | 1090.8 |
               +--------+--------+--------+--------+--------+-----+--------+

Top non-repeatable levels by time:
     D:7: 1573 daAuts
     D:5: 1295 daAuts
     D:4: 1184 daAuts
     D:3: 999 daAuts
     D:1: 791 daAuts
     D:2: 701 daAuts
